 Dungeon Sprint DCSS version 0.29.1-12-g30fa7ad0bf (webtiles) character file.

Game seed: 11220516890116888355

6078 retardedninja the Severer (level 10, 0/99 HPs)
             Began as a Minotaur Fighter on Dec 19, 2022.
             Was a High Priest of Trog.
             Succumbed to a cane toad's poison
             ... in the Dungeon (Sprint IX: "|||||||||||||||||||||||||||||").
             The game lasted 00:03:44 (1732 turns).

retardedninja the Severer (Minotaur Fighter)        Turns: 1732, Time: 00:03:44

Health: 0/99       AC: 16    Str: 27    XL:     10   Next: 57%
Magic:  9/9        EV:  9    Int:  8    God:    Trog [*****.]
Gold:   13         SH:  6    Dex: 11    Spells: 9/9 levels left

rFire   . . .      SeeInvis .   l - +3 war axe (vorpal)
rCold   . . .      Faith    .   c - +0 buckler
rNeg    . . .      Spirit   .   o - +1 chain mail
rPois   .          Reflect  .   (helmet restricted)
rElec   .          Harm     .   (no cloak)
rCorr   .          Rampage  .   (no gloves)
Will    .....      NoTele   +   m - +0 pair of boots
Stlth   ..........              (no amulet)
HPRegen 0.26/turn               p - +3 ring of strength
MPRegen 0.11/turn               q - +3 ring of intelligence

@: lethally poisoned (0 -> -14), on berserk cooldown, slowed, very slow
A: horns 2, retaliatory headbutt
a: Renounce Religion, Berserk, Trog's Hand, Brothers in Arms


You were in the Dungeon.
You worshipped Trog.
Trog was extremely pleased with you.
You visited 1 branch You collected 13 gold pieces.

Inventory:

Hand Weapons
 a - a +0 war axe
 l - a +3 vorpal war axe (weapon)
Armour
 c - a +0 buckler (worn)
 m - a +0 pair of boots (worn)
 o - a +1 chain mail (worn)
Jewellery
 p - a +3 ring of strength (left hand)
 q - a +3 ring of intelligence (right hand)
Scrolls
 b - 2 scrolls of fear
 j - 3 scrolls of blinking
 k - a scroll of fog
 n - a scroll of identify
Potions
 d - a potion of invisibility
 e - 5 potions of curing
 f - 4 potions of heal wounds
 g - 2 potions of haste
 h - 4 potions of magic
 r - a potion of mutation


   Skills:
 + Level 12.5 Fighting
 * Level 19.4 Axes
 + Level 14.7 Armour
 - Level 1.4 Dodging
 - Level 1.5 Stealth
 + Level 11.8 Shields
 + Level 5.7 Evocations


You had 9 spell levels left.
You didn't know any spells.
Your spell library was empty.

Dungeon Overview and Level Annotations

Branches:
Dungeon (1/1)

Altars:
Cheibriados
Dithmenos
Elyvilon
Fedhas
Gozag
Hepliaklqana
Kikubaaqudgha
Makhleb
Nemelex Xobeh
Okawaru
Qazlal
Ru
Sif Muna
Trog
Uskayaw
Vehumet
Wu Jian
Xom
Yredelemnul
Zin
The Shining One
Jiyva
Lugonu


Innate Abilities, Weirdness & Mutations

You have a pair of horns on your head.
You reflexively headbutt those who attack you in melee.


Message History

Your Armour skill increases to level 14!
Okay, then.
You see here a boulder beetle corpse.
You hit the lindwurm. You headbutt the lindwurm.
The lindwurm is moderately wounded.
The lindwurm bites you but does no damage.
The lindwurm claws you but does no damage.
The lindwurm claws you.
* * * LOW HITPOINT WARNING * * *
You slice the lindwurm!! You headbutt the lindwurm.
You kill the lindwurm!
Trog accepts your kill.
Your Axes skill increases to level 19!
You slice the komodo dragon!! Your headbutt misses the komodo dragon.
The komodo dragon is severely wounded.
You slice the komodo dragon!!
You kill the komodo dragon!
Trog accepts your kill. The cane toad stings you!
* * * LOW HITPOINT WARNING * * *
You are poisoned.
The cane toad poisons you!
Things that are here:
a komodo dragon corpse; a lindwurm corpse You slice the cane toad!!
The cane toad is severely wounded.
* * * LOW HITPOINT WARNING * * *
You feel very sick. The cane toad stings you!
* * * LOW HITPOINT WARNING * * *
You slice the cane toad!!
You kill the cane toad!
Trog accepts your kill.
* * * LOW HITPOINT WARNING * * *
You feel sick.
You are too berserk!
You are no longer berserk.
You are exhausted.
You feel yourself slow down.
You die...

▓▓▓▓▓▓▓▓▓▓▓▓▓▓▓▓▓▓▓▓▓▓▓▓
+.....†@†.†)........÷...
▓▓▓▓▓▓▓▓▓▓▓▓▓▓▓▓▓▓▓▓▓▓▓▓▓▓▓▓▓▓▓▓▓
.................................
▓▓▓▓▓▓▓▓▓▓▓▓▓▓▓▓▓▓▓▓▓▓▓▓▓▓▓▓▓▓▓▓▓
[.....)?.'_______________________
▓▓▓▓▓▓▓▓▓▓▓▓▓▓▓▓▓▓▓▓▓▓▓▓▓▓▓▓▓▓▓▓▓


There were no monsters in sight!

Vanquished Creatures
  A boulder beetle (D)
  A centaur warrior (D)
  A lindwurm (D)
  A deep elf pyromancer (D)
  A black mamba (D)
  An elephant (D)
  2 cane toads (D)
  3 komodo dragons (D)
  2 wraiths (D)
  A wyvern (D)
  3 yaks (D)
  An acid dragon (D)
  3 water moccasins (D)
  A wolf (D)
  2 centaurs (D)
  3 bullfrogs (D)
  A gnoll sergeant (D)
  An iguana (D)
  An orc wizard (D)
  3 adders (D)
  A dart slug (D)
  2 bats (D)
  3 ball pythons (D)
39 creatures vanquished.

Vanquished Creatures (others)
  A cyclops (D)
1 creature vanquished.

Grand Total: 40 creatures vanquished

Notes
Turn   | Place    | Note
-------+----------+-------------------------------------------
     0 | D        | retardedninja the Minotaur Fighter began the quest for the
                  | Orb.
     0 | D        | Reached XP level 1. HP: 19/19 MP: 0/0
     8 | D        | Reached skill level 3 in Axes
    14 | D        | Noticed an iguana
    22 | D        | Reached XP level 2. HP: 17/28 MP: 1/1
    24 | D        | Reached skill level 4 in Axes
    25 | D        | Reached skill level 5 in Armour
    26 | D        | Reached skill level 5 in Fighting
    26 | D        | Reached skill level 5 in Axes
    26 | D        | Reached skill level 5 in Shields
    26 | D        | Reached XP level 3. HP: 23/36 MP: 2/2
   296 | D        | Found a snail-covered altar of Cheibriados.
   296 | D        | Found a shadowy altar of Dithmenos.
   296 | D        | Found a white marble altar of Elyvilon.
   296 | D        | Found a blossoming altar of Fedhas.
   296 | D        | Found an opulent altar of Gozag.
   297 | D        | Found a hazy altar of Hepliaklqana.
   298 | D        | Found a viscous altar of Jiyva.
   299 | D        | Found an ancient bone altar of Kikubaaqudgha.
   300 | D        | Found a corrupted altar of Lugonu.
   301 | D        | Found a burning altar of Makhleb.
   302 | D        | Found a sparkling altar of Nemelex Xobeh.
   303 | D        | Found an iron altar of Okawaru.
   304 | D        | Found a stormy altar of Qazlal.
   305 | D        | Found a sacrificial altar of Ru.
   306 | D        | Found a shimmering blue altar of Sif Muna.
   307 | D        | Found a bloodstained altar of Trog.
   308 | D        | Found a hide-covered altar of Uskayaw.
   309 | D        | Found a radiant altar of Vehumet.
   310 | D        | Found an ornate altar of the Wu Jian Council.
   311 | D        | Found a shimmering altar of Xom.
   312 | D        | Found a basalt altar of Yredelemnul.
   313 | D        | Found a glowing silver altar of Zin.
   314 | D        | Found a glowing golden altar of the Shining One.
   315 | D        | Became a worshipper of Trog the Wrathful
   363 | D        | Noticed a yak
   363 | D        | Noticed a centaur
   363 | D        | Noticed a wyvern
   363 | D        | Noticed a centaur
   363 | D        | Noticed a gnoll sergeant
   366 | D        | Killed a gnoll sergeant
   366 | D        | Killed a centaur
   366 | D        | Reached * piety under Trog
   367 | D        | Reached skill level 8 in Axes
   367 | D        | Reached skill level 1 in Dodging
   367 | D        | Reached skill level 1 in Evocations
   367 | D        | Reached XP level 4. HP: 36/45 MP: 3/3
   367 | D        | Reached XP level 5. HP: 40/51 MP: 4/4
   367 | D        | Killed a wyvern
   368 | D        | Reached skill level 10 in Axes
   368 | D        | Reached XP level 6. HP: 49/61 MP: 5/5
   370 | D        | Reached ** piety under Trog
   374 | D        | Killed a yak
   375 | D        | Reached skill level 11 in Axes
   375 | D        | Reached XP level 7. HP: 36/69 MP: 6/6
   741 | D        | Noticed a wraith
   741 | D        | Noticed a centaur warrior
   741 | D        | Noticed a cyclops
   741 | D        | Noticed a deep elf pyromancer
   741 | D        | Noticed a wraith
   745 | D        | Killed a cyclops
   745 | D        | Killed a wraith
   746 | D        | Reached skill level 13 in Axes
   746 | D        | Reached skill level 10 in Armour
   746 | D        | Reached XP level 8. HP: 73/78 MP: 7/7
   748 | D        | Killed a deep elf pyromancer
   748 | D        | Reached *** piety under Trog
   749 | D        | Reached skill level 14 in Axes
   749 | D        | Reached skill level 10 in Shields
   750 | D        | Killed a centaur warrior
   751 | D        | Reached skill level 10 in Fighting
   751 | D        | Reached skill level 15 in Axes
   751 | D        | Reached skill level 1 in Stealth
   751 | D        | Reached XP level 9. HP: 40/86 MP: 8/8
  1273 | D        | Noticed a komodo dragon
  1273 | D        | Noticed a black mamba
  1276 | D        | Noticed a komodo dragon
  1283 | D        | Reached **** piety under Trog
  1290 | D        | Killed a black mamba
  1290 | D        | Noticed a cane toad
  1291 | D        | Reached skill level 16 in Axes
  1296 | D        | Killed a komodo dragon
  1299 | D        | Reached ***** piety under Trog
  1306 | D        | Killed a komodo dragon
  1310 | D        | Reached skill level 17 in Axes
  1311 | D        | Killed a cane toad
  1682 | D        | Noticed an elephant
  1682 | D        | Noticed a boulder beetle
  1685 | D        | Received a gift from Trog
  1695 | D        | Reached skill level 5 in Evocations
  1695 | D        | Reached XP level 10. HP: 90/97 MP: 9/9
  1708 | D        | Killed an elephant
  1709 | D        | Reached skill level 18 in Axes
  1718 | D        | Noticed a lindwurm
  1719 | D        | Noticed a cane toad
  1723 | D        | Killed a boulder beetle
  1726 | D        | Killed a lindwurm
  1727 | D        | Reached skill level 19 in Axes
  1730 | D        | HP: 4/148 [cane toad (11)]
  1731 | D        | Killed a cane toad
  1732 | D        | Succumbed to a cane toad's poison

Illustrated notes

Levels and vault maps discovered:
D:        linesprint [early_d, line_temple, items_1, d_10, items_2, lair_1,
          lair_end, items_3, orc_1, orc_end, items_4, d_15, swamp_1, shoals_1,
          snake_1, spider_1, d_20, vaults_1, items_5, swamp_end, shoals_end,
          snake_end, spider_end, vaults_end, d_27, items_6, zot_1, zot_end,
          crypt_end, forest_end, elf_end, slime_end, tomb_end, abyss_end,
          pan_hell_end]

Skill      XL: |  1  2  3  4  5  6  7  8  9 10 |
---------------+-------------------------------+-----
Fighting       | 4 5 6 7 8 9 10 11 12 | 12.5
Armour         | 4 5 7 8 9 10 12 13 14 | 14.7
Shields        | 4 5 7 8 9 10 11 | 11.8
Axes           | 3 5 8 10 11 13 15 17 19 | 19.4
Dodging        | 1 |  1.4
Evocations     | 1 2 4 5 |  5.7
Stealth        | 1 |  1.5

Action                   |  1- 3 |  4- 6 |  7- 9 | 10-12 || total
-------------------------+-------+-------+-------+-------++-------
Melee: War axe           |    13 |     5 |    53 |    30 ||   101
       Headbutt          |     1 |     1 |    13 |    11 ||    26
Evoke: Wand              |     3 |     1 |     6 |       ||    10
  Use: Potion            |     2 |       |       |     2 ||     4
 Stab: Invisible         |       |       |     2 |       ||     2
Armor: Scale mail        |    10 |       |       |       ||    10
       Chain mail        |     2 |     2 |    12 |     5 ||    21
Dodge: Dodged            |     9 |     2 |    21 |     2 ||    34
Block: Buckler           |     3 |     2 |     9 |     2 ||    16
